 Dungeon Crawl Stone Soup version 0.29-a0-359-g541a27f54d (webtiles) character file.

Game seed: 4377460057049429067

99 Colgate the Sneak (level 5, 0/60 HPs)
             Began as a Kobold Brigand on Apr 27, 2022.
             Was a High Priest of Ignis.
             Slain by a gnoll sergeant
             ... wielding the +3 woodcutter's axe {vorpal}
              (2 damage)
             ... on level 2 of the Dungeon.
             The game lasted 00:07:59 (1743 turns).

Colgate the Sneak (Kobold Brigand)                  Turns: 1743, Time: 00:07:59

Health: 0/60       AC:  5    Str:  8    XL:     5   Next: 2%
Magic:  0/6        EV: 14    Int: 15    God:    Ignis [*****.]
Gold:   108        SH:  0    Dex: 16    Spells: 4/6 levels left

rFire   + . .      SeeInvis .   a - +2 dagger
rCold   . . .      Faith    .   (no shield)
rNeg    . . .      Spirit   +   p - +0 robe "Husape" {rPois Will- Regen+ Archmagi}
rPois   +          Reflect  .   q - +2 hat of the Bear Spirit {Spirit, *Rage Will++}
rElec   .          Harm     .   c - +0 cloak
rCorr   .          Rampage  .   (no gloves)
Will    +....      Archmagi +   (no boots)
Stlth   .......... Rage     20% s - amulet of magic regeneration
HPRegen 1.00/turn               (no ring)
MPRegen 0.50/turn               (no ring)

@: berserking, very quick
A: small, no large weapons, nightstalker 3
a: Renounce Religion, Fiery Armour, Foxfire Swarm, Rising Flame


You were on level 2 of the Dungeon.
You worshipped Ignis.
Ignis was extremely pleased with you.
You visited 1 branch of the dungeon, and saw 2 of its levels.

You collected 108 gold pieces.

Inventory:

Hand Weapons
 a - a +2 dagger (weapon)
Missiles
 d - 15 poisoned darts
 e - 3 curare-tipped darts
 g - a throwing net {!f}
Armour
 b - a +0 robe
 c - a +0 cloak (worn)
 o - a +0 ring mail
 p - the +0 robe "Husape" (worn) {rPois Will- Regen+ Archmagi}
   (You found it on level 2 of the Dungeon)

   rPois:     It protects you from poison.
   Regen:     It increases your rate of health regeneration.
   Archmagi:  It increases the power of your magical spells.
   Will:      It decreases your willpower.
 q - the +2 hat of the Bear Spirit (worn) {Spirit, *Rage Will++}
   (You found it on level 2 of the Dungeon)

   Going berserk makes the wearer tougher, and they're slowed less afterward.
   *Rage:     It berserks you when you make melee attacks (+20% chance).
   Will:      It greatly increases your willpower.
Jewellery
 s - an amulet of magic regeneration (around neck)
Wands
 r - a wand of digging (4) {@v3}
Scrolls
 f - 2 scrolls of blinking {unknown}
 l - a scroll of teleportation {unknown}
 m - a scroll of enchant weapon {unknown}
 n - a scroll of identify {unknown}
 u - a scroll of enchant armour {unknown}
 v - a scroll of fog {unknown}
Potions
 h - 2 potions of invisibility {unknown}
 i - a potion of heal wounds {unknown}
 j - a potion of flight {unknown}
 k - 2 potions of degeneration {unknown}
 t - a potion of lignification {unknown}


   Skills:
 - Level 2.1 Fighting
 - Level 4.0 Short Blades
 - Level 2.1 Throwing
 - Level 1.2 Dodging
 - Level 5.3 Stealth
 - Level 1.1 Spellcasting
 + Level 3.1 Conjurations


You had 4 spell levels left.
You knew the following spells:

 Your Spells              Type           Power      Damage    Failure   Level
a - Searing Ray           Conj           30%        2d5       10%         2

Your spell library contained the following spells:

 Spells                   Type           Power      Damage    Failure   Level
 Magic Dart               Conj           60%        1d6       7%          1
 Blink                    Tloc           2%         N/A       36%         2
 Lesser Beckoning         Tloc           1%         N/A       58%         3
 Ozocubu's Armour         Ice            1%         N/A       58%         3
 Fulminant Prism          Conj/Hex       4%         3d6       77%         4
 Iskenderun's Battlesphe  Conj           15%        2d7       88%         5
 Fireball                 Conj/Fire      4%         3d4       98%         5
 Manifold Assault         Tloc           1%         N/A       100%        5
 Conjure Ball Lightning   Conj/Air       4%         3x3d6     100%        6
 Orb of Destruction       Conj           7%         9d6       100%        7
 Ozocubu's Refrigeration  Ice            0%         4d5       100%        7


Dungeon Overview and Level Annotations

Branches:
Dungeon (2/15)

Altars:
Ignis


Innate Abilities, Weirdness & Mutations

You are small and have problems with some larger weapons.
You are completely attuned to the shadows.


Message History

Okay, then.
No target in view!
You now have 108 gold pieces (gained 5).
You see here a +0 hand axe.
No target in view!
You see here a +0 spear.
Found a +0 spear.
No target in view!
The gnoll sergeant shouts!
You feel a surge of power!
The searing ray hits the gnoll sergeant but does no damage. (Press . to maintain the ray.)
Here: a gnoll sergeant, wielding the +3 woodcutter's axe {vorpal} and wearing a +0 scale mail The floor.
Unknown command.
The searing ray hits the gnoll sergeant but does no damage.
The searing ray hits the gnoll sergeant but does no damage.
The gnoll sergeant hits you with the +3 woodcutter's axe {vorpal}!
The searing ray hits the gnoll sergeant but does no damage.
You finish channelling your searing ray.
The gnoll sergeant closely misses you.
You feel a surge of power!
The searing ray hits the gnoll sergeant. (Press . to maintain the ray.)
The gnoll sergeant hits you with the +3 woodcutter's axe {vorpal}!
* * * LOW HITPOINT WARNING * * *
x2 You barely miss the gnoll sergeant.
The gnoll sergeant closely misses you.
You hit the gnoll sergeant but do no damage.
The gnoll sergeant closely misses you.
You hit the gnoll sergeant but do no damage.
The gnoll sergeant closely misses you.
A red film seems to cover your vision as you go berserk!
You feel yourself moving faster!
You feel mighty!
You puncture the gnoll sergeant!
The gnoll sergeant hits you with the +3 woodcutter's axe {vorpal}!
* * * LOW HITPOINT WARNING * * *
x2 You puncture the gnoll sergeant!
You hit the gnoll sergeant.
The gnoll sergeant hits you with the +3 woodcutter's axe {vorpal}.
You die...

#.##...## #.# ###
♣.♣##..# #.# #
♣♣.♣♣#..# #.#
♣.))♣##.# #.#
♣♣...♣♣### #†#
♣..)..♣ #.#
♣♣...♣.♣♣ ####.#
♣♣..♣....♣♣#....#
♣...@....)♣##.###
♣.###g###.♣#..#
#.....#.♣##.#
#.....#.♣ #.#
♣#..)..#♣♣##.#
##..# ###...##
.......# #......#


You could see a gnoll sergeant.

Vanquished Creatures
  4 gnolls (D:2)
  3 adders (D:2)
  3 ball pythons
  An endoplasm (D:1)
  2 giant cockroaches
  2 goblins (D:2)
  3 hobgoblins
  4 jackals
  3 kobolds (D:2)
  7 bats
32 creatures vanquished.

Vanquished Creatures (others)
  A plant (D:2)
1 creature vanquished.

Grand Total: 33 creatures vanquished

Notes
Turn   | Place    | Note
-------+----------+-------------------------------------------
     0 | D:1      | Colgate the Kobold Brigand began the quest for the Orb.
     0 | D:1      | Reached XP level 1. HP: 12/12 MP: 1/1
   313 | D:1      | Reached XP level 2. HP: 17/17 MP: 2/2
   407 | D:1      | Found a faded altar of an unknown god.
   421 | D:1      | Prayed at the altar of an unknown god.
   421 | D:1      | Became a worshipper of Ignis, the Dying Flame
   797 | D:2      | Reached skill level 1 in Spellcasting
   797 | D:2      | Reached XP level 3. HP: 17/21 MP: 2/4
   798 | D:2      | Identified the +0 robe "Husape" {rPois Will- Regen+
                  | Archmagi}
   857 | D:2      | Found the +2 hat of the Bear Spirit {Spirit, *Rage Will++}
   867 | D:2      | Reached skill level 1 in Conjurations
  1321 | D:2      | Reached XP level 4. HP: 26/26 MP: 5/5
  1457 | D:2      | Learned a level 2 spell: Searing Ray
  1666 | D:2      | Noticed a gnoll sergeant
  1713 | D:2      | Reached XP level 5. HP: 30/30 MP: 2/6
  1741 | D:2      | HP: 3/60 [gnoll sergeant/the +3 woodcutter's axe {vorpal}
                  | (9)]
  1741 | D:2      | HP: 1/60 [gnoll sergeant/the +3 woodcutter's axe {vorpal}
                  | (2)]
  1743 | D:2      | Slain by a gnoll sergeant

Illustrated notes

Levels and vault maps discovered:
D:1:      saegor_arrival_miasma, layout_basic, chequers_ecumenical_altar_island,
          minmay_pentomino_z4
D:2:      cheibrodos_old_hovel, layout_loops_ring, pf_guarded_unrand_woodcutter

Skill      XL: |  1  2  3  4 |
---------------+-------------+-----
Short Blades   | 3 4 |  4.0
Spellcasting   | 1 |  1.1
Conjurations   | 1 3 |  3.1
Fighting       | |  2.1
Throwing       | |  2.1
Dodging        | |  1.2
Stealth        | |  5.3

Action                   |  1- 3 |  4- 6 || total
-------------------------+-------+-------++-------
Melee: Dagger            |    49 |    12 ||    61
 Cast: Searing Ray       |       |    10 ||    10
 Stab: Sleeping          |    13 |       ||    13
Armor: Robe              |     4 |     2 ||     6
       Ring mail         |     2 |       ||     2
Dodge: Dodged            |    26 |     9 ||    35

Table legend: (Time is in decaauts)
 A = Elapsed time spent in this place.
 B = Non-inter-level travel time spent in this place.
 C = Inter-level travel time spent in this place.
 D = Time resting spent in this place.
 E = Time spent auto-exploring this place.
 F = Levels seen in this place.
 G = Mean time per level.
                   A        B        C        D        E       F      G
               +--------+--------+--------+--------+--------+-----+--------+
         Total |   1775 |   1685 |     90 |     90 |   1286 |   2 |  887.5 |
       Dungeon |   1775 |   1685 |     90 |     90 |   1286 |   2 |  887.5 |
               +--------+--------+--------+--------+--------+-----+--------+

Top non-repeatable levels by time:
     D:2: 987 daAuts
     D:1: 787 daAuts
